AoeStats
← K

Arena

509149071Analyzed
4v4 RM · 8d ago on Sep 25, 2026· 41m 32s· 8 players
Game mode
Random Map
Map size
Large (8 player)
Population
200
Speed
Normal
Resources
Standard
Victory
Conquest
Starting age
Dark Age
Ending age
Imperial Age
RankedLock teamsTeams togetherTeam positionsShared explorationLock speedFull tech treeHidden civsTurbo modeCheats
Victory
Defeat
🇪🇸 Hindustanis · Spain
1060
+15
🇵🇪 Poles · Peru
1035
+16
🇻🇪 Vikings · Venezuela
977
+19
🇧🇷 Saracens · Brazil
959
+19
🇬🇧 Teutons · United Kingdom
1187
-22
🇨🇳 Jurchens · China
1016
-17
🇪🇸 Romans · Spain
1000
-48
🇹🇼 Hindustanis · Taiwan
957
-14
barbeytus
10:43 Feudal Age
13:45 Loom
14:39 Forging
14:36 Scale Barding Armor
21:02 Castle Age
19:36 Double-Bit Axe
20:45 Horse Collar
23:43 Bow Saw
29:34 Heavy Plow
31:37 Light Cavalry
32:28 Bloodlines
32:18 Husbandry
33:00 Iron Casting
32:46 Chain Barding Armor
34:45 Wheelbarrow
33:55 Town Watch
35:15 Gold Mining
36:07 Chain Barding Armor
39:38 Imperial Age
39:58 Winged Hussar
41:40 Blast Furnace
41:08 Conscription
the King
0:27 Loom
13:47 Feudal Age
16:48 Man-at-Arms
17:57 Scale Mail Armor
18:07 Forging
18:03 Horse Collar
21:51 Castle Age
21:11 Double-Bit Axe
25:11 Long Swordsman
25:52 Pikeman
26:32 Squires
30:21 Chain Mail Armor
30:42 Iron Casting
31:54 Bow Saw
31:46 Heavy Plow
36:34 Imperial Age
34:24 Gold Mining
37:45 Conscription
36:52 Two-Handed Swordsman
38:07 Plate Mail Armor
38:27 Chieftains
40:14 Champion
HaweN
11:02 Feudal Age
16:50 Castle Age
14:57 Double-Bit Axe
17:08 Loom
17:09 Horse Collar
30:51 Wheelbarrow
33:11 Gold Mining
34:20 Padded Archer Armor
36:07 Heavy Plow
36:13 Stone Mining
36:12 Town Watch
39:47 Bow Saw
manejc94
9:44 Feudal Age
10:36 Double-Bit Axe
10:42 Horse Collar
13:55 Horse Collar
17:33 Castle Age
16:47 Forging
16:47 Scale Barding Armor
17:19 Bloodlines
18:23 Wheelbarrow
20:24 Wheelbarrow
19:44 Light Cavalry
23:13 Iron Casting
23:08 Chain Barding Armor
25:42 Heavy Plow
25:56 Bow Saw
27:51 Husbandry
28:52 Gold Mining
28:56 Stone Mining
30:09 Loom
30:40 Hand Cart
30:12 Town Watch
32:20 Stone Shaft Mining
32:23 Gold Shaft Mining
33:34 Grand Trunk Road
36:07 Imperial Age
38:10 Heavy Camel Rider
39:42 Conscription
41:37 Blast Furnace
41:12 Plate Barding Armor
40:48 Siege Elephant
jason916802
11:59 Feudal Age
16:53 Castle Age
15:07 Double-Bit Axe
15:09 Horse Collar
15:53 Stone Mining
16:08 Gold Mining
17:54 Bow Saw
20:45 Loom
YuangXue
11:05 Feudal Age
11:56 Double-Bit Axe
14:51 Castle Age
12:49 Horse Collar
17:00 Wheelbarrow
17:06 Bow Saw
22:33 Scale Barding Armor
23:09 Gold Mining
24:20 Forging
24:48 Bloodlines
27:09 Gold Shaft Mining
26:26 Stone Mining
27:33 Hand Cart
28:08 Iron Casting
29:22 Chain Barding Armor
29:06 Husbandry
33:55 Imperial Age
34:07 Fletching
35:38 Elite Iron Pagoda
38:05 Blast Furnace
guillesotor
10:50 Feudal Age
12:07 Wheelbarrow
11:30 Double-Bit Axe
16:03 Gold Mining
18:46 Castle Age
20:37 Horse Collar
21:46 Caravan
22:26 Bow Saw
22:44 Husbandry
22:17 Man-at-Arms
25:28 Heavy Plow
26:35 Bloodlines
25:53 Long Swordsman
26:34 Squires
30:11 Hand Cart
31:03 Forging
K
10:31 Feudal Age
10:46 Loom
13:11 Fletching
13:55 Town Watch
22:06 Castle Age
23:27 Forging
26:15 Double-Bit Axe
26:30 Gambesons
27:23 Iron Casting
28:20 Horse Collar
28:33 Gold Mining
35:28 Bodkin Arrow
Connection lost

Rejoining the realm…

Still unreachable

The connection could not be restored.

Session expired

The server has moved on; the page needs a fresh start.